 Dungeon Sprint DCSS version 0.28-a0-258-g8de209e91f (webtiles) character file.

Game seed: 5219159082822673867

118 MikeHunt the Slasher (level 5, -3/49 HPs)
             Began as a Naga Fighter on Aug 26, 2021.
             Slain by a human (11 damage)
             ... in the Dungeon (Sprint III: "The Ten Rune Challenge").
             The game lasted 00:01:08 (443 turns).

MikeHunt the Slasher (Naga Fighter)                  Turns: 443, Time: 00:01:08

Health: -3/49      AC:  6    Str: 18    XL:     5   Next: 2%
Magic:  5/5        EV:  6    Int:  9    God:
Gold:   22         SH:  9    Dex: 11    Spells: 4/4 levels left

rFire   . . .      SeeInvis +   a - +0 long sword
rCold   + . .      Faith    .   c - +0 kite shield
rNeg    . . .      Spirit   .   b - +0 scale mail
rPois   +          Reflect  .   (no helmet)
rElec   .          Harm     .   (no cloak)
rCorr   .          Rampage  .   (no gloves)
Will    .....      NoTele   +   (no barding)
Stlth   ..........              (no amulet)
HPRegen 0.16/turn               (no ring)
MPRegen 0.09/turn               (no ring)

@: mighty, hasted, quick
A: AC +1, large, see invisible, deformed body, poison resistance, slowness 2,
spit poison 1, naga tail 1, claws 1, cold resistance 1, screaming 1, shaggy fur
1
a: Spit Poison


You were in the Dungeon.
You visited 1 branch You collected 22 gold pieces.

Inventory:

Hand Weapons
 a - a +0 long sword (weapon)
Armour
 b - a +0 scale mail (worn)
 c - a +0 kite shield (worn)
Scrolls
 i - a scroll of holy word {unknown}
 j - a scroll of blinking
 k - a scroll of enchant armour {unknown}
 n - a scroll of torment {unknown}
 o - 2 scrolls of identify
Potions
 e - a potion of curing
 f - a potion of heal wounds
 h - 2 potions of magic
 l - 2 potions of flight {unknown}
 m - 4 potions of mutation
 p - a potion of brilliance {unknown}


   Skills:
 - Level 3.0 Fighting
 + Level 6.9 Long Blades
 - Level 2.4 Armour
 + Level 6.1 Shields


You had 4 spell levels left.
You didn't know any spells.
Your spell library was empty.

Dungeon Overview and Level Annotations

Branches:
Dungeon (1/1)

Altars:
Okawaru
Trog
Uskayaw
Wu Jian
Beogh


Innate Abilities, Weirdness & Mutations

Your serpentine skin is tough. (AC +1)
You have supernaturally acute eyesight. (SInv)
Armour fits poorly on your strangely shaped body.
Your system is resistant to poisons. (rPois)
You cover ground very slowly.
You can spit poison.
You have a snake-like lower body.
You have sharp fingernails.
Your flesh is cold resistant. (rC+)
You occasionally shout uncontrollably at your foes.
You are covered in fur. (AC +1)


Message History

The water elemental is heavily damaged.
You block the water elemental's attack.
You slash the water elemental!
The water elemental is almost destroyed.
You block the water elemental's attack.
You slash the water elemental!
You destroy the water elemental!
Your Long Blades skill increases to level 6!
Your Shields skill increases to level 6!
You have reached level 5!
You open the door.
A human comes into view.
The human shouts!
Found a chain mail.
Found five altars.
A human comes into view.
Found a glowing dagger.
There is an open door here.
You miss the human. The human hits you.
The human drinks a potion.
The human seems to grow stronger.
You barely miss the human. You block the human's attack.
You closely miss the human. The human hits you! You block the human's attack.
There is an open door, spattered with blood here.
You barely miss the human. You hit the human.
The human is lightly wounded.
The human hits you. The human barely misses you. The human hits you.
You slash the human!
The human is heavily wounded.
You block the human's attack. x2
You miss the human.
The human is heavily wounded.
The human hits you!
* * * LOW HITPOINT WARNING * * *
The human barely misses you.
You hit the human.
The human is severely wounded.
The human hits you!
You die...

▓▓▓▓ ▓▓▓ .♣.♣♣ ♣.#
##### ....♣ ♣.# #___#
..♣.♣ ♣.# #__)#
..≈♣♣♣♣♣.###+#'###+##
.≈≈♣..♣..#.....p@...#
≈≈≈≈♣.♣..'.⌠...p....#
≈≈≈≈≈≈.♣.#...######+#
≈≈≈≈≈....#.⌠.#
≈≈≈≈.....#...#
≈≈.......#+###
†........# .........#
▓▓▓▓▓▓▓▓▓▓


You could see 2 humans.

Vanquished Creatures
  A water elemental (D)
  Jessica (D)
  A human (D)
  A wolf (D)
  An endoplasm (D)
  2 rats (D)
7 creatures vanquished.

Notes
Turn   | Place    | Note
-------+----------+-------------------------------------------
     0 | D        | MikeHunt the Naga Fighter began the quest for the Orb.
     0 | D        | Reached XP level 1. HP: 21/21 MP: 1/1
   166 | D        | Noticed Jessica
   171 | D        | Killed Jessica
   172 | D        | Reached XP level 2. HP: 24/28 MP: 2/2
   172 | D        | Reached XP level 3. HP: 30/34 MP: 3/3
   221 | D        | Reached skill level 5 in Long Blades
   228 | D        | Reached skill level 5 in Shields
   228 | D        | Reached XP level 4. HP: 18/42 MP: 4/4
   391 | D        | Gained mutation: You occasionally shout uncontrollably at
                  | your foes. [potion of mutation]
   391 | D        | Gained mutation: You have sharp fingernails. [potion of
                  | mutation]
   391 | D        | Gained mutation: Your flesh is cold resistant. (rC+)
                  | [potion of mutation]
   391 | D        | Gained mutation: You are covered in fur. (AC +1) [potion of
                  | mutation]
   419 | D        | Noticed a water elemental
   424 | D        | Killed a water elemental
   425 | D        | Reached XP level 5. HP: 39/49 MP: 5/5
   430 | D        | Found a hide-covered altar of Uskayaw.
   430 | D        | Found an iron altar of Okawaru.
   430 | D        | Found a bloodstained altar of Trog.
   430 | D        | Found an ornate altar of the Wu Jian Council.
   430 | D        | Noticed a human
   431 | D        | Noticed a human
   443 | D        | Slain by a human

Illustrated notes

Levels and vault maps discovered:
D:        dungeon_sprint_mu [sprint_mu_entry_forest, sprint_mu_temple_rooms,
          sprint_mu_d1_horrors, sprint_mu_d2_genie, sprint_mu_d3_branching,
          sprint_mu_orc_legion, sprint_mu_elf_gauntlet, sprint_mu_hive_nellie,
          sprint_mu_lair_fedhas, sprint_mu_vaults_butterflies,
          sprint_mu_slime_circle, sprint_mu_swamp_cave, sprint_mu_shoals_kraken,
          sprint_mu_blade_basic, sprint_mu_crypt_chambers,
          sprint_mu_tomb_spiral, sprint_mu_vestibule_basic,
          sprint_mu_gehenna_hellfire, sprint_mu_dis_giant,
          sprint_mu_tartarus_statrot, sprint_mu_cocytus_islands, sprint_mu_zot1]

Skill      XL: |  1  2  3  4 |
---------------+-------------+-----
Long Blades    | 4 5 6 |  6.9
Shields        | 4 5 6 |  6.1
Fighting       | |  3.0
Armour         | |  2.4

Action                   |  1- 3 |  4- 6 || total
-------------------------+-------+-------++-------
Melee: Long sword        |    21 |    13 ||    34
 Abil: Spit Poison       |     2 |       ||     2
  Use: Potion            |     1 |     3 ||     4
Armor: Scale mail        |     4 |       ||     4
Dodge: Dodged            |     6 |     2 ||     8
Block: Kite shield       |     9 |     7 ||    16
       Rpst.: Long sword |     3 |       ||     3

Table legend: (Time is in decaauts)
 A = Elapsed time spent in this place.
 B = Non-inter-level travel time spent in this place.
 C = Inter-level travel time spent in this place.
 D = Time resting spent in this place.
 E = Time spent auto-exploring this place.
 F = Levels seen in this place.
 G = Mean time per level.
                   A        B        C        D        E       F      G
               +--------+--------+--------+--------+--------+-----+--------+
         Total |    484 |    484 |      0 |    330 |      0 |   1 |  484.0 |
       Dungeon |    484 |    484 |      0 |    330 |      0 |   1 |  484.0 |
               +--------+--------+--------+--------+--------+-----+--------+

Top non-repeatable levels by time:
       D: 484 daAuts
